[Event "January 2 Early 2024"]
[Site "https://www.chess.com"]
[Date "2024.01.02"]
[Round "7"]
[White "Hajiyev, Kanan"]
[Black "Gutierrez Olivares, Daniel"]
[Result "0-1"]
[Board "93"]
[TimeControl "180+1"]
[WhiteFideId "13404148"]
[BlackFideId "2264005"]
[WhiteElo "2622"]
[BlackElo "2479"]
[WhiteTeam "AZE"]
[BlackTeam "ESP"]
[WhiteClock "0:00:00"]
[BlackClock "0:01:06"]

1. d4 e6 2. Nf3 Nf6 3. c4 c5 4. e3 b6 5. Be2 Bb7 6. O-O cxd4 7. Nxd4 Nc6 8. b3 Be7 9. Bb2 O-O 10. Bf3 a6 11. Nc3 Qc7 12. Rc1 Ne5 13. Be2 Rac8 14. f4 Ng6 15. Bf3 Rfd8 16. Bxb7 Qxb7 17. Qf3 Qb8 18. e4 Bc5 19. Rcd1 Nxf4 20. e5 Qxe5 21. Qxf4 Qxf4 22. Rxf4 e5 23. Rxf6 gxf6 24. Nd5 exd4 25. b4 Bd6 26. Nxb6 Rb8 27. c5 Bc7 28. Nd5 Be5 29. a4 Kf8 30. Bxd4 Rdc8 31. Nb6 Rb7 32. Bf2 Rcc7 33. h3 h5 34. Nd5 Rc6 35. a5 d6 36. Nb6 dxc5 37. Bxc5+ Kg7 38. Rd8 Bc7 39. Rd7 Rcxb6 40. axb6 Bh2+ 41. Kxh2 Rxd7 42. Kg3 f5 43. Kf4 Kf6 44. Ke3 Ke6 45. g3 Kd5 46. Kd3 a5 0-1

[Event "January 2 Early 2024"]
[Site "https://www.chess.com"]
[Date "2024.01.02"]
[Round "7"]
[White "Azali, Tannaz"]
[Black "Mammadova, Narmin"]
[Result "1-0"]
[Board "94"]
[TimeControl "180+1"]
[WhiteFideId "12537721"]
[BlackFideId "13403710"]
[WhiteElo "2478"]
[BlackElo "2621"]
[WhiteTeam "IRI"]
[BlackTeam "AZE"]
[WhiteClock "0:00:13"]
[BlackClock "0:00:00"]

1. e4 c6 2. d4 d5 3. e5 Bf5 4. Nf3 e6 5. Be2 Nd7 6. O-O h6 7. c3 Ne7 8. Na3 Bg6 9. Nc2 Nf5 10. g3 Be7 11. Re1 O-O 12. Bf1 a6 13. Bg2 c5 14. Ne3 Rc8 15. Nxf5 Bxf5 16. dxc5 Nxc5 17. Nd4 Bg6 18. h4 b5 19. Bf4 Nd3 20. Re3 Nxf4 21. gxf4 Bxh4 22. f5 exf5 23. e6 Re8 24. Qf3 Bg5 25. Re2 fxe6 26. Nxe6 Qf6 27. Rae1 Kh7 28. Qxd5 Bh4 29. Qd7 Rc4 30. Nd4 Rxe2 31. Rxe2 Bh5 32. Rd2 Bg5 33. Rd3 Bg6 34. Bd5 h5 35. Bxc4 bxc4 36. Rg3 Bh4 37. Rg2 f4 38. f3 Bg3 39. Qe6 Qg5 40. Qxc4 h4 41. Qe6 Qa5 42. Ne2 Qxa2 43. Qxa2 1-0

[Event "January 2 Early 2024"]
[Site "https://www.chess.com"]
[Date "2024.01.02"]
[Round "7"]
[White "Andrews, Todd"]
[Black "Brankovic, Dejan"]
[Result "0-1"]
[Board "95"]
[TimeControl "180+1"]
[WhiteFideId "2012456"]
[BlackFideId "921602"]
[WhiteElo "2616"]
[BlackElo "2466"]
[WhiteTeam "USA"]
[BlackTeam "SRB"]
[WhiteClock "0:00:10"]
[BlackClock "0:00:20"]

1. d4 Nf6 2. c4 g6 3. Nc3 Bg7 4. e4 d6 5. Nf3 O-O 6. Be2 e5 7. O-O Na6 8. Re1 c6 9. Rb1 exd4 10. Nxd4 Nc5 11. f3 a5 12. Kh1 Re8 13. Bg5 Qb6 14. Nc2 Qc7 15. Bf4 Bf8 16. Bf1 Nfd7 17. Qd2 Ne5 18. Rbd1 Be6 19. b3 Rad8 20. Nd4 Bc8 21. Qf2 Bg7 22. Qg3 h6 23. Rd2 Qe7 24. Red1 h5 25. h3 h4 26. Qf2 Bf6 27. a3 Bg5 28. Bxg5 Qxg5 29. b4 axb4 30. axb4 Na6 31. f4 Qg3 32. Qxg3 hxg3 33. fxe5 dxe5 34. Nc2 Rxd2 35. Rxd2 Be6 36. c5 Nc7 37. Ne2 Ra8 38. Nxg3 Ra2 39. Rd8+ Kg7 40. Ne3 Rb2 41. Ng4 Bxg4 42. hxg4 Rxb4 43. Rd7 Ne6 44. Kh2 Nxc5 45. Re7 Kf6 46. Re8 Nxe4 47. g5+ Kxg5 48. Rxe5+ f5 49. Nxe4+ Rxe4 50. Rc5 Kf6 51. Ra5 Rb4 52. Ra8 g5 53. Rb8 c5 54. Ba6 b6 55. Rc8 g4 56. Rc6+ Kg5 57. Bc8 f4 58. Kg1 g3 59. Kf1 Rb2 60. Rc7 Rf2+ 61. Kg1 Rc2 62. Kf1 c4 63. Rg7+ Kf6 64. Rb7 Rb2 65. Rc7 b5 66. Ba6 Ke5 67. Rc5+ Kd4 68. Rxb5 Ra2 69. Bb7 c3 70. Rb1 c2 71. Rc1 Kc3 72. Be4 Kd2 73. Rxc2+ Rxc2 74. Bxc2 Kxc2 75. Ke1 Kd3 76. Kf1 Kd2 77. Kg1 Ke2 78. Kh1 f3 79. gxf3 Kxf3 80. Kg1 g2 81. Kh2 Kf2 82. Kh3 g1=Q 83. Kh4 Qg6 84. Kh3 Qg3# 0-1

[Event "January 2 Early 2024"]
[Site "https://www.chess.com"]
[Date "2024.01.02"]
[Round "7"]
[White "Manukian, Artak"]
[Black "Reprintsev, Alexander"]
[Result "0-1"]
[Board "96"]
[TimeControl "180+1"]
[WhiteFideId "13301373"]
[BlackFideId "14100541"]
[WhiteElo "2609"]
[BlackElo "2465"]
[WhiteTeam "ARM"]
[BlackTeam "UKR"]
[WhiteClock "0:00:21"]
[BlackClock "0:00:36"]

1. e4 d5 2. exd5 Qxd5 3. Nc3 Qa5 4. d4 Nf6 5. Bc4 Nc6 6. d5 Nb4 7. a3 c6 8. dxc6 Nxc6 9. Bd2 Qc5 10. Qe2 Bg4 11. f3 Nd4 12. Bb5+ Bd7 13. Bxd7+ Nxd7 14. Qd3 Ne5 15. Qe4 f5 16. Qxb7 Nxc2+ 17. Kd1 Nxa1 18. Qxa8+ Kf7 19. Qd5+ e6 20. Qxc5 Bxc5 21. b4 Bd4 22. Nge2 Rd8 23. Nxd4 Rxd4 24. Ke1 Nb3 25. Be3 Rd3 26. Nd1 Nd4 27. Kf2 Nc4 28. Re1 Nxe3 29. Nxe3 Rxa3 30. Nc4 Ra2+ 31. Kf1 Kf6 32. f4 Ra4 33. Rd1 Nc2 34. Rd7 Rxb4 35. Ne5 Rxf4+ 0-1

[Event "January 2 Early 2024"]
[Site "https://www.chess.com"]
[Date "2024.01.02"]
[Round "7"]
[White "Shinkarev, M"]
[Black "Golubev, Mikhail"]
[Result "0-1"]
[Board "97"]
[TimeControl "180+1"]
[WhiteFideId "4145348"]
[BlackFideId "14100983"]
[WhiteElo "2449"]
[BlackElo "2606"]
[WhiteTeam "RUS"]
[BlackTeam "UKR"]
[WhiteClock "0:00:17"]
[BlackClock "0:00:05"]

1. c4 g6 2. g3 Bg7 3. Bg2 e5 4. e3 d6 5. Ne2 Nf6 6. d4 Nbd7 7. Nbc3 O-O 8. O-O Re8 9. Qc2 c6 10. b3 exd4 11. Nxd4 Nc5 12. b4 Ncd7 13. Bb2 Ne5 14. Qb3 Nd3 15. Ba3 Ng4 16. Rad1 Ndxf2 17. Rxf2 Nxf2 18. Kxf2 Qf6+ 19. Bf3 Bg4 20. Nce2 Bxf3 21. Nxf3 Re4 22. Rd2 Rae8 23. Bb2 Qe7 24. Bxg7 Kxg7 25. Qd3 Rxe3 26. Qd4+ Kg8 27. Nf4 c5 28. bxc5 dxc5 29. Qd5 Ra3 30. Re2 Re3 31. Rd2 b6 32. h4 Qe4 33. Ng5 Qe7 34. Qc6 h6 35. Nf3 Qe4 36. Qxe4 R3xe4 37. Nd5 Kg7 38. Rc2 Rd8 39. a4 Ree8 40. a5 bxa5 41. Ra2 Re4 42. Ra4 Rxd5 43. Rxa5 Rd3 44. Rxc5 Rc3 45. Ne5 Rc2+ 46. Kf3 Re1 47. h5 Rc3+ 48. Kg4 Re4+ 49. Kh3 g5 50. Ng4 Rexc4 51. Ra5 Rc5 52. Rxa7 Rc7 53. Ra6 R3c6 54. Ra5 Rc5 55. Ra6 R7c6 56. Ra7 Rd5 57. Re7 Rcd6 58. Re3 Rd7 59. Rf3 f5 60. Ne3 g4+ 61. Kh4 gxf3 62. Nc4 Rd4+ 63. Kh3 Rxc4 64. g4 f2 65. Kg3 Rf4 66. gxf5 f1=Q 67. f6+ Kf8 68. f7 Rd3+ 69. Kh2 Rd2+ 70. Kg3 Qf3# 0-1

[Event "January 2 Early 2024"]
[Site "https://www.chess.com"]
[Date "2024.01.02"]
[Round "7"]
[White "Luo, Terry"]
[Black "Bulatova, Kamaliya"]
[Result "1-0"]
[Board "98"]
[TimeControl "180+1"]
[WhiteFideId "30931045"]
[BlackFideId "34111546"]
[WhiteElo "2605"]
[BlackElo "2447"]
[WhiteTeam "USA"]
[BlackTeam "RUS"]
[WhiteClock "0:02:56"]
[BlackClock "0:01:33"]

1. d4 Nf6 2. Nc3 d5 3. Bf4 c5 4. e4 cxd4 5. Qxd4 Nc6 6. Bb5 Qb6 7. Qxb6 axb6 8. exd5 Bd7 9. dxc6 bxc6 10. Bd3 e6 11. Nf3 Bb4 12. O-O O-O 13. Ne5 Be8 14. a3 Bxc3 15. bxc3 Nd5 16. Bd2 f6 17. Nf3 g5 18. c4 Nc7 19. Rfb1 b5 20. cxb5 cxb5 21. Nd4 e5 22. Nxb5 Nxb5 23. Bxb5 Bg6 24. Bd3 e4 25. Bc4+ Kg7 26. Rb7+ Kh6 27. h4 Rad8 28. Be3 Kh5 29. hxg5 fxg5 30. Rb5 Rf5 31. Rxf5 Bxf5 32. a4 Rc8 33. Bf7+ Kh6 34. a5 Rxc2 35. a6 Kg7 36. a7 1-0

[Event "January 2 Early 2024"]
[Site "https://www.chess.com"]
[Date "2024.01.02"]
[Round "7"]
[White "Avramidou, Anastasia"]
[Black "Bolat, Inayat"]
[Result "0-1"]
[Board "99"]
[TimeControl "180+1"]
[WhiteFideId "4239873"]
[BlackFideId "13733125"]
[WhiteElo "2601"]
[BlackElo "2445"]
[WhiteTeam "GRE"]
[BlackTeam "KAZ"]
[WhiteClock "0:00:01"]
[BlackClock "0:00:11"]

1. Nf3 Nf6 2. c4 g6 3. Nc3 Bg7 4. e4 d6 5. d4 O-O 6. h4 c5 7. d5 e6 8. Bg5 exd5 9. exd5 Re8+ 10. Be2 h6 11. Bf4 Ne4 12. Nxe4 Rxe4 13. Be3 Bxb2 14. Rb1 Bc3+ 15. Kf1 Bg4 16. Qd3 Bxf3 17. Bxf3 Rxh4 18. Rxh4 Qxh4 19. g3 Qf6 20. Rxb7 Na6 21. Kg2 Nb4 22. Qe4 Nxa2 23. Bxh6 Nb4 24. Bd1 a5 25. Ba4 Bd4 26. Bf4 Kg7 27. Be8 Rxe8 28. Qxe8 Nd3 29. Be3 Ne5 30. Bxd4 Qf3+ 31. Kf1 cxd4 32. Qa4 d3 33. Kg1 d2 34. Rb1 Nd3 35. Rf1 Nxf2 36. Qa1+ f6 37. Kh2 d1=Q 38. Rxd1 Qxd1 39. Qxd1 Nxd1 40. c5 dxc5 0-1

[Event "January 2 Early 2024"]
[Site "https://www.chess.com"]
[Date "2024.01.02"]
[Round "7"]
[White "Aaditya Dhingra"]
[Black "Bashirli, Saadat"]
[Result "1-0"]
[Board "100"]
[TimeControl "180+1"]
[WhiteFideId "25678191"]
[BlackFideId "13429990"]
[WhiteElo "2601"]
[BlackElo "2441"]
[WhiteTeam "IND"]
[BlackTeam "AZE"]
[WhiteClock "0:01:19"]
[BlackClock "0:00:00"]

1. e4 c6 2. d3 d5 3. Nf3 dxe4 4. dxe4 Qxd1+ 5. Kxd1 Nf6 6. Nbd2 g6 7. c3 Bg7 8. h3 O-O 9. Kc2 Nbd7 10. Be2 Nc5 11. e5 Bf5+ 12. Kd1 Nfd7 13. Nc4 b5 14. Ne3 Be6 15. Nd4 Nxe5 16. Nxe6 Nxe6 17. Kc2 Nf4 18. Bf1 Rfd8 19. g3 Nd5 20. Bg2 Nxe3+ 21. Bxe3 a6 22. Rad1 Rd6 23. Bc5 Re6 24. b3 Rc8 25. f4 Bh6 26. Rhe1 Nd3 27. Kxd3 Rd8+ 28. Kc2 Rxd1 29. Kxd1 Rxe1+ 30. Kxe1 Bg7 31. Kd2 Kf8 32. Bxc6 f5 33. Bd4 1-0

[Event "January 2 Early 2024"]
[Site "https://www.chess.com"]
[Date "2024.01.02"]
[Round "7"]
[White "Toman, Ondrej"]
[Black "Sztokbant, Bernardo Vainzoff"]
[Result "0-1"]
[Board "101"]
[TimeControl "180+1"]
[WhiteFideId "344516"]
[BlackFideId "2115956"]
[WhiteElo "2593"]
[BlackElo "2430"]
[WhiteTeam "CZE"]
[BlackTeam "BRA"]
[WhiteClock "0:00:06"]
[BlackClock "0:00:03"]

1. d4 Nf6 2. Bg5 g6 3. Bxf6 exf6 4. e3 d5 5. g3 c6 6. Bg2 Bd6 7. Ne2 f5 8. c4 dxc4 9. Nbc3 Nd7 10. a4 O-O 11. O-O a5 12. Nf4 Nb6 13. h4 Bxf4 14. exf4 Be6 15. h5 Qd6 16. hxg6 hxg6 17. Qd2 Rad8 18. Rad1 Nd5 19. Nxd5 Bxd5 20. Qxa5 Ra8 21. Qc3 Rxa4 22. Rfe1 Raa8 23. Re5 f6 24. Re3 Rfe8 25. Rde1 Kf7 26. Rxe8 Rxe8 27. Rxe8 Kxe8 28. Bf1 b5 29. Qa5 Qe7 30. Qa8+ Kf7 31. Qh8 Qf8 32. Qh7+ Qg7 33. Qh4 b4 34. g4 fxg4 35. Qxg4 f5 36. Qd1 Qh6 37. Bg2 Qxf4 38. Bxd5+ cxd5 39. Qe1 Qg4+ 40. Kf1 Qh3+ 41. Kg1 c3 42. bxc3 bxc3 43. Qe5 Qg4+ 44. Kf1 Qd1+ 45. Kg2 c2 46. Qxd5+ Kg7 47. Qe5+ Kh7 48. Qe7+ Kh6 49. Qf8+ Kh5 50. Qh8+ Kg5 51. Qd8+ Kh6 52. Qh8+ Kg5 53. Qd8+ Kg4 54. Qd6 Qf3+ 55. Kh2 Qf4+ 56. Kh1 Qxd6 57. Kg1 c1=Q+ 58. Kg2 Qd5+ 59. Kh2 Qf4+ 60. Kg1 Qdxd4 61. Kg2 Qf3+ 62. Kh2 Qfxf2+ 63. Kh1 Qe4# 0-1

[Event "January 2 Early 2024"]
[Site "https://www.chess.com"]
[Date "2024.01.02"]
[Round "7"]
[White "Spichkin, Alexander"]
[Black "Munoz Galvez, Jhon Edison"]
[Result "1-0"]
[Board "102"]
[TimeControl "180+1"]
[WhiteFideId "4144074"]
[BlackFideId "4403797"]
[WhiteElo "2429"]
[BlackElo "2592"]
[WhiteTeam "RUS"]
[BlackTeam "COL"]
[WhiteClock "0:00:54"]
[BlackClock "0:00:17"]

1. f4 d5 2. Nf3 c5 3. e3 a6 4. b3 Nc6 5. Bb2 Nf6 6. Be2 g6 7. O-O Bg7 8. Qe1 O-O 9. Qh4 d4 10. Na3 b5 11. Ne5 Bb7 12. Bf3 Rc8 13. Rad1 Qd6 14. Nd3 Nd8 15. Rde1 c4 16. Ne5 Bxf3 17. Rxf3 c3 18. dxc3 dxe3 19. Rfxe3 Ne6 20. Rd3 Qb6+ 21. Kh1 Rfd8 22. c4 Ne4 23. Rxe4 b4 24. Nb1 f6 25. Nf3 Nc5 26. Bd4 Qc6 27. Rxe7 Nxd3 28. cxd3 Re8 29. Rxe8+ Rxe8 30. Nbd2 Re2 31. Ne4 Rxa2 32. h3 Ra3 33. Nxf6+ Bxf6 34. Bxf6 Rxb3 35. d4 Rxf3 36. gxf3 Qxf3+ 37. Kg1 b3 38. d5 Qd1+ 39. Kg2 Qc2+ 40. Qf2 Qxf2+ 41. Kxf2 Kf7 42. Bb2 a5 43. Ke3 a4 44. Kd4 1-0

[Event "January 2 Early 2024"]
[Site "https://www.chess.com"]
[Date "2024.01.02"]
[Round "7"]
[White "Rees, Ioan"]
[Black "Weishaeutel, Moritz"]
[Result "1-0"]
[Board "103"]
[TimeControl "180+1"]
[WhiteFideId "1801236"]
[BlackFideId "12967300"]
[WhiteElo "2420"]
[BlackElo "2584"]
[WhiteTeam "WLS"]
[BlackTeam "GER"]
[WhiteClock "0:00:47"]
[BlackClock "0:00:00"]

1. e4 e5 2. Nf3 Nf6 3. Nxe5 Nc6 4. Nxc6 dxc6 5. Nc3 Bc5 6. Be2 h5 7. d3 Ng4 8. Bxg4 hxg4 9. Qe2 Bd4 10. Be3 Be5 11. O-O-O Bxc3 12. bxc3 Qd6 13. f4 gxf3 14. gxf3 Qa3+ 15. Kd2 Be6 16. f4 O-O-O 17. f5 Bc4 18. Bd4 Ba6 19. Bxg7 Rh3 20. Bf6 Rdxd3+ 21. cxd3 Bxd3 22. Qxd3 Rxd3+ 23. Kxd3 Qd6+ 24. Kc2 Qxf6 25. h4 Qe7 26. Rde1 Qa3 27. h5 Qxa2+ 28. Kd3 Qa6+ 29. Ke3 Qc4 30. Kf3 Qxc3+ 31. Re3 Qh8 32. h6 a5 33. h7 a4 34. e5 b5 35. Kf4 Kb7 36. Rg3 Qd8 37. h8=Q Qd4+ 38. Kg5 Qf2 39. Qh2 Qd4 40. Qe2 Qd8+ 41. Kf4 f6 42. Rd1 fxe5+ 43. Kf3 Qh4 44. Qxe5 Qh5+ 45. Rg4 Qh3+ 46. Kf4 Qh2+ 47. Ke4 Qe2+ 48. Kf4 Qxd1 49. f6 Qd2+ 50. Kf5 Qd7+ 51. Qe6 Qd3+ 52. Kg5 Qc2 53. f7 Qd2+ 54. Kg6 Qd3+ 55. Qf5 Qd6+ 56. Kh5 Qf8 57. Rg8 Qe7 58. f8=Q Qe2+ 59. Qf3 Qe5+ 60. Q8f5 Qh2+ 61. Kg6 Qg1+ 62. Kf7 Qd4 63. Rg6 1-0

[Event "January 2 Early 2024"]
[Site "https://www.chess.com"]
[Date "2024.01.02"]
[Round "7"]
[White "Aggelis, Nikolaos"]
[Black "Begunov, Konstantin"]
[Result "0-1"]
[Board "104"]
[TimeControl "180+1"]
[WhiteFideId "4213220"]
[BlackFideId "4118510"]
[WhiteElo "2578"]
[BlackElo "2423"]
[WhiteTeam "GRE"]
[BlackTeam "RUS"]
[WhiteClock "0:00:21"]
[BlackClock "0:00:08"]

1. c4 c6 2. d4 d5 3. cxd5 cxd5 4. Nf3 Nf6 5. Nc3 Nc6 6. Bg5 Ne4 7. Bh4 Nxc3 8. bxc3 Qa5 9. Qb3 Bf5 10. e3 e6 11. Rc1 Ba3 12. Rd1 O-O 13. Bd3 Bxd3 14. Rxd3 Qa6 15. Qd1 Na5 16. O-O Bd6 17. Bg3 Rac8 18. Bxd6 Qxd6 19. Qa4 b6 20. Rc1 Rc4 21. Qb5 Rfc8 22. Ne5 R4c7 23. Qb2 f6 24. Nf3 Qd7 25. Rdd1 Qa4 26. h3 Nc4 27. Qb3 Qa5 28. Re1 Nd6 29. Qb2 Rxc3 30. Rxc3 Qxc3 31. Qxc3 Rxc3 32. Ra1 Rc2 33. Ne1 Rd2 34. Nf3 Rb2 35. Ne1 Ne4 36. Nd3 Rd2 37. Nf4 Rxf2 38. Nxe6 Re2 39. a4 Rxe3 40. a5 Nc3 41. axb6 axb6 42. Ra7 Rxe6 43. Rc7 Ne2+ 44. Kf2 Nxd4 45. Rd7 Re5 46. Rb7 b5 47. g4 h5 48. gxh5 Rxh5 49. Kg3 Kh7 50. Kg4 Re5 51. h4 Re4+ 52. Kh5 Re5+ 53. Kg4 Ne6 54. Rxb5 d4 55. Rb6 Nc5 56. Rd6 d3 57. Rd8 Re2 58. Kh5 d2 59. Rd5 Ne4 60. Rd7 Re1 61. Kg4 d1=Q+ 62. Rxd1 Rxd1 63. Kh5 Rh1 64. Kg4 Nd2 65. Kg3 Nf3 66. Kg2 Rxh4 67. Kxf3 Ra4 68. Kg3 Kg6 69. Kf3 Kg5 70. Kg3 f5 71. Kf3 f4 72. Kf2 Ra3 73. Ke2 Kg4 74. Kf2 Ra2+ 75. Kf1 Kg3 76. Kg1 f3 77. Kh1 Ra1# 0-1

[Event "January 2 Early 2024"]
[Site "https://www.chess.com"]
[Date "2024.01.02"]
[Round "7"]
[White "Astafurov, Arseniy"]
[Black "Lund, Gunnar"]
[Result "1-0"]
[Board "105"]
[TimeControl "180+1"]
[WhiteFideId "24175218"]
[BlackFideId "1520814"]
[WhiteElo "2416"]
[BlackElo "2566"]
[WhiteTeam "RUS"]
[BlackTeam "NOR"]
[WhiteClock "0:00:41"]
[BlackClock "0:00:43"]

1. c4 d6 2. Nc3 e5 3. Nf3 f5 4. d4 e4 5. Ng5 Be7 6. Nh3 Nf6 7. Bg5 O-O 8. e3 c6 9. Be2 h6 10. Bxf6 Bxf6 11. Nf4 Qe8 12. Bh5 Qd7 13. O-O g5 14. Ng6 Rf7 15. f3 exf3 16. Qxf3 Rg7 17. Ne4 Be7 18. g4 f4 19. exf4 d5 20. fxg5 Qe8 21. Nxe7+ Qxe7 22. Nf6+ Kh8 23. gxh6 Rg5 24. Rae1 Qf8 25. Qf4 Qxh6 26. Re8+ Kg7 27. Rg8# 1-0

[Event "January 2 Early 2024"]
[Site "https://www.chess.com"]
[Date "2024.01.02"]
[Round "7"]
[White "Mikhalsky, Vladimir"]
[Black "Korchynskyi, Mykola"]
[Result "1-0"]
[Board "106"]
[TimeControl "180+1"]
[WhiteFideId "14144352"]
[BlackFideId "34138005"]
[WhiteElo "2411"]
[BlackElo "2561"]
[WhiteTeam "UKR"]
[BlackTeam "UKR"]
[WhiteClock "0:00:08"]
[BlackClock "0:00:00"]

1. d4 d5 2. c4 e6 3. Nf3 Nf6 4. g3 Be7 5. Bg2 O-O 6. O-O b6 7. Nc3 Bb7 8. Qc2 dxc4 9. e4 Nbd7 10. Rd1 Qc8 11. d5 exd5 12. exd5 a6 13. a4 Nc5 14. Ne5 Rd8 15. Nxc4 Qg4 16. Ne3 Qh5 17. b4 Ncd7 18. h3 Bd6 19. Nf5 Bxb4 20. Bf4 Rac8 21. g4 Qg6 22. Qb3 a5 23. Nh4 Nc5 24. Qa2 Bxc3 25. Nxg6 hxg6 26. Rac1 Bb4 27. d6 Bxg2 28. Kxg2 cxd6 29. Rxd6 Rxd6 30. Bxd6 Nfe4 31. Bxc5 Bxc5 32. Rc2 Rd8 33. Qc4 Rd4 34. Qb5 Nd6 35. Qc6 Kh7 36. Rxc5 bxc5 37. Qxc5 Rd2 38. Qxa5 Ne4 39. Kf3 Rxf2+ 40. Kxe4 Rh2 41. Qc3 Ra2 42. Qb3 Re2+ 43. Kf3 Re7 44. Kg3 f5 45. g5 Re1 46. a5 Rg1+ 47. Kh2 Ra1 48. Qd5 Ra3 49. h4 f4 50. Qc5 Ra2+ 51. Kh3 f3 52. Kg3 f2 53. Kg2 Kh8 54. Qb5 Kh7 55. a6 Ra1 56. Kxf2 Ra2+ 57. Kg3 Ra3+ 58. Kf4 Rh3 59. Kg4 Rb3 60. Qxb3 1-0

[Event "January 2 Early 2024"]
[Site "https://www.chess.com"]
[Date "2024.01.02"]
[Round "7"]
[White "Kraus, Tomas"]
[Black "Sharapov, Evgeny"]
[Result "0-1"]
[Board "107"]
[TimeControl "180+1"]
[WhiteFideId "331708"]
[BlackFideId "14103133"]
[WhiteElo "2400"]
[BlackElo "2552"]
[WhiteTeam "CZE"]
[BlackTeam "UKR"]
[WhiteClock "0:00:03"]
[BlackClock "0:02:00"]

1. e4 c5 2. Nc3 Nc6 3. f4 g6 4. Nf3 Bg7 5. Bb5 Nd4 6. O-O e6 7. e5 a6 8. Bd3 Nxf3+ 9. Qxf3 d5 10. exd6 Qxd6 11. Be4 Rb8 12. d3 Ne7 13. Be3 O-O 14. g4 b5 15. Rab1 f5 16. gxf5 gxf5 17. Qg3 Kh8 18. Bg2 Rg8 19. Qf2 Bd4 20. Bxd4+ cxd4 21. Ne2 Bb7 22. Ng3 Ng6 23. Bxb7 Rxb7 24. Rbe1 Rc7 25. h3 Nxf4 26. Qxf4 Rxg3+ 27. Kh2 Qxf4 28. Rxf4 Re3 29. Rff1 Rxc2+ 30. Kg1 Rxb2 31. Rxe3 dxe3 32. Re1 e2 33. Kf2 Rxa2 34. Rxe2 Rxe2+ 35. Kxe2 a5 36. d4 a4 37. Kd3 a3 38. Kc3 f4 39. d5 exd5 0-1

[Event "January 2 Early 2024"]
[Site "https://www.chess.com"]
[Date "2024.01.02"]
[Round "7"]
[White "Womacka, Mathias"]
[Black "Legenia, Artem"]
[Result "1-0"]
[Board "108"]
[TimeControl "180+1"]
[WhiteFideId "4611390"]
[BlackFideId "14136945"]
[WhiteElo "2548"]
[BlackElo "2382"]
[WhiteTeam "GER"]
[BlackTeam "UKR"]
[WhiteClock "0:01:43"]
[BlackClock "0:00:16"]

1. e4 c5 2. Nf3 g6 3. d4 cxd4 4. Nxd4 Bg7 5. c4 Nc6 6. Be3 Nf6 7. Nc3 d6 8. Be2 O-O 9. O-O Nxd4 10. Bxd4 Qa5 11. Rb1 Be6 12. b4 Qc7 13. Nd5 Bxd5 14. exd5 e6 15. dxe6 fxe6 16. Qd3 b6 17. Rbd1 Rad8 18. Rfe1 e5 19. Be3 d5 20. cxd5 Nxd5 21. Qb3 Qc3 22. Bc4 Qxb3 23. Bxb3 Kh8 24. Rxd5 Rxd5 25. Bxd5 1-0

[Event "January 2 Early 2024"]
[Site "https://www.chess.com"]
[Date "2024.01.02"]
[Round "7"]
[White "Ismayil, Malak"]
[Black "Buscar, Michael"]
[Result "1/2-1/2"]
[Board "109"]
[TimeControl "180+1"]
[WhiteFideId "13412604"]
[BlackFideId "2603616"]
[WhiteElo "2547"]
[BlackElo "2360"]
[WhiteTeam "AZE"]
[BlackTeam "CAN"]
[WhiteClock "0:00:03"]
[BlackClock "0:00:05"]

1. e4 c5 2. Nf3 Nc6 3. Bb5 Nf6 4. Bxc6 bxc6 5. d3 g6 6. Nc3 Bg7 7. Be3 d6 8. e5 Nd5 9. Bd2 Bg4 10. exd6 exd6 11. O-O O-O 12. h3 Nxc3 13. Bxc3 Bxc3 14. bxc3 Bxf3 15. Qxf3 d5 16. Rab1 Qa5 17. d4 Qxa2 18. dxc5 Qxc2 19. Rb7 a5 20. h4 a4 21. h5 gxh5 22. Rb6 a3 23. Rxc6 Qe4 24. Qxh5 f6 25. f3 Qe3+ 26. Kh2 Qg5 27. Qxg5+ fxg5 28. Ra1 Rfb8 29. Rb6 Rc8 30. c6 Ra4 31. Kg3 h6 32. Rb3 Rxc6 33. Raxa3 Rac4 34. Ra5 Rxc3 35. Rxc3 Rxc3 36. Rxd5 Rc6 37. Kg4 Kg7 38. Kh5 Rf6 39. Rd7+ Kg8 40. Ra7 Kh8 41. g4 Kg8 42. Rb7 Kh8 43. Rc7 Kg8 44. Rc8+ Kf7 45. Rc7+ Kg8 46. Rc8+ Kg7 47. Rc7+ Kh8 48. Rd7 Kg8 49. Ra7 Kh8 50. Re7 Kg8 51. Re8+ Kg7 52. Re7+ Kg8 53. Re5 Kg7 54. Re7+ Kg8 1/2-1/2

[Event "January 2 Early 2024"]
[Site "https://www.chess.com"]
[Date "2024.01.02"]
[Round "7"]
[White "Rogov, Matfey"]
[Black "Weisz, Bryan"]
[Result "0-1"]
[Board "110"]
[TimeControl "180+1"]
[WhiteFideId "44191308"]
[BlackFideId "30934133"]
[WhiteElo "2542"]
[BlackElo "2504"]
[WhiteTeam "RUS"]
[BlackTeam "USA"]
[WhiteClock "0:00:01"]
[BlackClock "0:00:19"]

1. Nc3 e5 2. Nf3 Nc6 3. d4 exd4 4. Nxd4 Nf6 5. Bg5 Bb4 6. Nxc6 bxc6 7. Qd4 Be7 8. e4 O-O 9. e5 Nd5 10. Bxe7 Qxe7 11. Nxd5 cxd5 12. Bd3 Rb8 13. a3 c5 14. Qxd5 Bb7 15. Qd6 Qg5 16. h4 Qxg2 17. O-O-O Qxf2 18. Rhg1 c4 19. Qh6 g6 20. Rdf1 Qd4 21. Be2 Qxe5 22. h5 Be4 23. hxg6 Qxb2+ 24. Kd1 Qxc2+ 25. Ke1 Qc3+ 26. Kf2 fxg6+ 27. Bf3 Rxf3+ 28. Ke2 Qd3+ 29. Ke1 Rb1+ 30. Qc1 Rxc1# 0-1

[Event "January 2 Early 2024"]
[Site "https://www.chess.com"]
[Date "2024.01.02"]
[Round "7"]
[White "Kochiev, Ivan"]
[Black "Preobrazhenskaya, Diana"]
[Result "1-0"]
[Board "111"]
[TimeControl "180+1"]
[WhiteFideId "2917890"]
[BlackFideId "34270566"]
[WhiteElo "2536"]
[BlackElo "2358"]
[WhiteTeam "BUL"]
[BlackTeam "FID"]
[WhiteClock "0:01:49"]
[BlackClock "0:00:00"]

1. e4 c5 2. Nf3 d6 3. d4 cxd4 4. Nxd4 Nf6 5. f3 a6 6. c4 Nbd7 7. Nc3 e6 8. Be3 Be7 9. Be2 h5 10. O-O O-O 11. Qd2 Qc7 12. Rac1 b6 13. b4 Bb7 14. Nb3 Ne5 15. Na4 Ned7 16. Rfd1 Rfd8 17. Bf1 Rac8 18. Qf2 Rb8 19. Nxb6 Ne5 20. Na4 Rdc8 21. Bb6 Qc6 22. b5 Qe8 23. Ba7 Ra8 24. Nb6 Rxa7 25. Nxc8 Qxc8 26. Qxa7 Nfd7 27. bxa6 Bxa6 28. c5 Bxf1 29. cxd6 Qe8 30. dxe7 Bb5 31. a4 Bc6 32. Rxc6 Nxc6 33. Qxd7 Qxd7 34. Rxd7 1-0

[Event "January 2 Early 2024"]
[Site "https://www.chess.com"]
[Date "2024.01.02"]
[Round "7"]
[White "Kambrath, Yannick"]
[Black "Gao, Raymond"]
[Result "0-1"]
[Board "112"]
[TimeControl "180+1"]
[WhiteFideId "20632525"]
[BlackFideId "2629429"]
[WhiteElo "2534"]
[BlackElo "2355"]
[WhiteTeam "FRA"]
[BlackTeam "CAN"]
[WhiteClock "0:00:03"]
[BlackClock "0:00:34"]

1. e4 c5 2. Nf3 Nc6 3. Bb5 g6 4. Bxc6 dxc6 5. h3 Bg7 6. d3 Nf6 7. Nc3 O-O 8. O-O Nd7 9. Be3 e5 10. Qd2 Re8 11. Nh2 Nf8 12. Bh6 Ne6 13. Bxg7 Kxg7 14. Ne2 b6 15. Kh1 c4 16. Ng4 Qg5 17. Ne3 cxd3 18. cxd3 Nf4 19. Nxf4 exf4 20. Qc3+ Kg8 21. Nc4 f3 22. Rg1 Qh4 23. d4 Bxh3 24. g3 Bg2# 0-1

[Event "January 2 Early 2024"]
[Site "https://www.chess.com"]
[Date "2024.01.02"]
[Round "7"]
[White "Petukhov, Dmitry"]
[Black "Rodriguez Avila, Alvaro"]
[Result "1-0"]
[Board "113"]
[TimeControl "180+1"]
[WhiteFideId "4142748"]
[BlackFideId "24570249"]
[WhiteElo "2525"]
[BlackElo "2284"]
[WhiteTeam "RUS"]
[BlackTeam "ESP"]
[WhiteClock "0:01:48"]
[BlackClock "0:00:05"]

1. e4 c5 2. c3 e5 3. d4 cxd4 4. cxd4 exd4 5. Nf3 Nc6 6. Bc4 Bb4+ 7. Nbd2 Nf6 8. O-O O-O 9. e5 Ng4 10. Re1 Re8 11. Qb3 Qe7 12. h3 Na5 13. Bxf7+ Qxf7 14. Qxb4 Nc6 15. Qd6 Re6 16. Qd5 Ngxe5 17. Ng5 Qf5 18. Nxe6 dxe6 19. Qe4 Nd3 20. Qxf5 exf5 21. Re8+ Kf7 22. Rh8 h6 23. Nc4 Ke6 24. Bd2 b5 25. Na5 Nxa5 26. Bxa5 Bb7 27. Rxa8 Bxa8 28. Rd1 Nxb2 29. Rxd4 Bd5 30. Rb4 a6 31. Rxb2 1-0